 Dungeon Crawl Stone Soup version 0.30-b1-2-g02819fbbbe (webtiles) character file.

Game seed: 13731538278074925240

387 Flugkiller the Covered (level 6, -4/40 HPs)
             Began as a Gargoyle Fighter on May 14, 2023.
             Slain by a gnoll
             ... wielding a +0 flail
             ... led by a gnoll bouda
              (6 damage)
             ... on level 4 of the Dungeon.
             The game lasted 00:03:03 (2686 turns).

Flugkiller the Covered (Gargoyle Fighter)           Turns: 2686, Time: 00:03:04

Health: -4/40      AC: 14    Str: 20 (21) XL:     6   Next: 78%
Magic:  6/6        EV:  7    Int:  8 (9)  God:
Gold:   171        SH:  4    Dex:  6 (9)  Spells: 5/5 levels left

rFire   . . .        a - +0 war axe
rCold   . . .        c - +0 buckler
rNeg    + . .        h - +0 chain mail
rPois   ∞            (no helmet)
rElec   +            (no cloak)
rCorr   .            (no gloves)
SInv    .            (no boots)
Will    .....        (no amulet) Stlth
                     (no ring)
HPRegen 0.26/turn    (no ring)
MPRegen 0.10/turn

%: no passive effects
@: mighty
A: sickness immunity, AC +4, negative energy resistance 1, electricity
resistance, torment resistance 1, petrification resistance
a: no special abilities


You were on level 4 of the Dungeon.
You visited 1 branch of the dungeon, and saw 4 of its levels.

You collected 171 gold pieces.

Inventory:

Hand Weapons
 a - a +0 war axe (weapon)
Armour
 c - a +0 buckler (worn)
 h - a +0 chain mail (worn)
   (You found it on level 1 of the Dungeon)
Scrolls
 e - a scroll of noise {unknown}
 f - a scroll of teleportation {unknown}
 g - 3 scrolls of identify {unknown}
 i - 2 scrolls of fear {unknown}
 k - a scroll of vulnerability {unknown}
 l - a scroll of enchant armour {unknown}
 n - 2 scrolls of fog {unknown}
 o - a scroll of amnesia {unknown}
Potions
 b - a potion of cancellation {unknown}
 j - a potion of degeneration
 m - 2 potions of ambrosia {unknown}
 q - 2 potions of curing
Miscellaneous
 p - a lightning rod (4/4)
   (You found it on level 3 of the Dungeon)


   Skills:
 * Level 5.1 Fighting
 * Level 3.6 Axes
 * Level 5.1 Armour
 + Level 4.3 Shields


You had 5 spell levels left.
You didn't know any spells.
Your spell library contained the following spells:

 Spells                   Type           Power      Damage    Failure   Level
 Kiss of Death            Conj/Necr      0%         2d5       98%         1
 Blink                    Tloc           0%         N/A       99%         2
 Lesser Beckoning         Tloc           0%         N/A       99%         2
 Momentum Strike          Conj/Tloc      0%         3d8       99%         2
 Confusing Touch          Hex            0%         N/A       100%        3
 Dispel Undead            Necr           0%         3d6       100%        4


Dungeon Overview and Level Annotations

Branches:
Dungeon (4/15) Zot: 21167
 Temple: D:4-7

Altars:
Makhleb
Okawaru
Trog


Innate Abilities, Weirdness & Mutations

You are immune to sickness and miasma.
Your stone body is resilient. (AC +4)
You are immune to poison.
You resist negative energy. (rN+)
You are resistant to electric shocks. (rElec)
You are resistant to unholy torment.
You are immune to petrification.


Message History

The gnoll bouda barely misses you.
You hit the gnoll bouda.
The gnoll bouda is heavily wounded.
The gnoll bouda gazes fiercely through you!
You feel your attacks grow feeble.
The gnoll bouda hits you with a +0 whip!
The gnoll bouda hits you with a +0 whip.
You hit the gnoll bouda but do no damage.
The gnoll bouda is heavily wounded.
The gnoll bouda barks out a call to the hunt!
The gnoll picks up the pace!
You hit the gnoll bouda but do no damage.
The gnoll bouda is heavily wounded.
The gnoll bouda hits you with a +0 whip.
* * * LOW HITPOINT WARNING * * *
It was a potion of curing.
You feel better.
q - 2 potions of curing;
f - a scroll labelled OTEZIO VOKHLE The gnoll bouda barely misses you.
You hit the gnoll bouda.
The gnoll bouda is severely wounded.
The gnoll bouda hits you but does no damage.
The gnoll bouda closely misses you.
You hit the gnoll bouda.
The gnoll bouda is almost dead.
The gnoll is no longer moving quickly.
The gnoll bouda prays to its god.
The gnoll bouda is healed somewhat.
You hit the gnoll bouda.
The gnoll bouda is almost dead.
Your attacks no longer feel as feeble.
The gnoll is no longer moving quickly.
The gnoll bouda closely misses you.
You closely miss the gnoll bouda.
The gnoll bouda is almost dead.
The gnoll bouda closely misses you.
The gnoll bouda barks out a call to the hunt!
The gnolls pick up the pace!
You completely miss the gnoll bouda.
The gnoll bouda is almost dead.
The gnoll bouda prays to its god.
The gnoll bouda is healed somewhat.
You slash the gnoll bouda!
You kill the gnoll bouda!
The gnoll is no longer moving quickly.
Your Fighting skill increases to level 5!
The gnoll hits you but does no damage. The gnoll attacks as you move away!
The gnoll hits you but does no damage. The gnoll attacks as you move away!
You block the gnoll's attack. You block the gnoll's attack.
The gnoll attacks as you move away! The gnoll completely misses you.
The gnoll closely misses you. The gnoll attacks as you move away!
The gnoll barely misses you. The gnoll attacks as you move away!
The gnoll hits you with a +0 club. The gnoll hits you but does no damage.
The gnoll is no longer moving quickly.
The gnoll hits you with a +0 club.
The gnoll is no longer moving quickly.
You see here a +0 rapier.
The gnoll attacks as you move away! The gnoll hits you but does no damage.
The gnoll attacks as you move away! The gnoll closely misses you.
The gnoll attacks as you move away! The gnoll hits you with a +0 club.
The gnoll attacks as you move away! The gnoll hits you but does no damage.
The gnoll attacks as you move away! The gnoll hits you but does no damage.
The gnoll attacks as you move away! The gnoll hits you but does no damage.
The gnoll attacks as you move away! The gnoll hits you with a +0 club.
The gnoll attacks as you move away! You block the gnoll's attack.
The gnoll attacks as you move away! The gnoll completely misses you.
The gnoll attacks as you move away! You block the gnoll's attack.
The gnoll attacks as you move away! The gnoll hits you but does no damage.
The gnoll attacks as you move away! The gnoll hits you with a +0 club.
The gnoll attacks as you move away! The gnoll barely misses you.
The gnoll attacks as you move away! The gnoll hits you but does no damage.
The gnoll attacks as you move away! The gnoll barely misses you.
The gnoll attacks as you move away! The gnoll hits you with a +0 club.
The gnoll attacks as you move away! The gnoll hits you but does no damage.
The gnoll attacks as you move away! The gnoll hits you but does no damage.
The gnoll attacks as you move away! The gnoll hits you with a +0 club.
An adder comes into view.
You closely miss the adder. You closely miss the gnoll.
The adder barely misses you. The gnoll hits you with a +0 club.
* * * LOW HITPOINT WARNING * * *
The adder barely misses you.
It was a potion of degeneration.
There was something very wrong with that liquid.
You feel weakened.
You feel dopey.
You feel clumsy. The gnoll hits you with a +0 club.
* * * LOW HITPOINT WARNING * * *
The adder bites you but does no damage.
You feel very mighty all of a sudden. The gnoll hits you but does no damage.
The adder bites you but does no damage.
You slash the adder!
You kill the adder!
You slash the gnoll! The gnoll barely misses you. x2
You slash the gnoll!
You kill the gnoll!
You completely miss the gnoll. You block the gnoll's attack.
The gnoll hits you from afar with a +0 halberd!
* * * LOW HITPOINT WARNING * * *
The gnoll barely misses you. The gnoll hits you with a +0 flail.
You die...

#.# #..#..#####...# #.#
#.###........ . #.#
#..#..#####.. #.#
#..))#####
##.###.#.##...##
#......#.##....
#..#####.##...###
#............g..#
#.######..##@#..
#.######..##.#.#
##.........##g#.#
#...........#g#.#
#.#.........#.#.#####.#
#>####.###..#...g..##.#
#.# #)# #..###.##g##.#
#.# #.# #.>.)..##.##.#
#.# #.# ##.######g##.#


You could see 3 gnolls.

Vanquished Creatures
  2 orc priests (D:4)
  A hound (D:3)
  A gnoll bouda (D:4)
  An iguana (D:4)
  5 gnolls
  8 adders
  5 dart slugs
  10 orcs
  4 ball pythons
  7 bats
  6 endoplasms
  3 giant cockroaches (D:1)
  14 goblins
  11 hobgoblins
  2 jackals (D:1)
  6 quokkas
  6 frilled lizards
  4 kobolds
  10 rats
106 creatures vanquished.

Vanquished Creatures (others)
  5 plants
5 creatures vanquished.

Grand Total: 111 creatures vanquished

Notes
Turn   | Place    | Note
-------+----------+-------------------------------------------
     0 | D:1      | Flugkiller the Gargoyle Fighter began the quest for the
                  | Orb.
     0 | D:1      | Reached XP level 1. HP: 14/14 MP: 1/1
    95 | D:1      | Reached XP level 2. HP: 19/19 MP: 2/2
   355 | D:1      | Reached XP level 3. HP: 24/24 MP: 3/3
   827 | D:1      | Reached XP level 4. HP: 25/29 MP: 4/4
  1565 | D:3      | Reached XP level 5. HP: 24/34 MP: 5/5
  1711 | D:3      | Found a bloodstained altar of Trog.
  1735 | D:3      | Found a burning altar of Makhleb.
  1738 | D:3      | Found an iron altar of Okawaru.
  2104 | D:3      | Found a faded altar of an unknown god.
  2366 | D:4      | Reached XP level 6. HP: 33/39 MP: 6/6
  2511 | D:4      | Reached skill level 5 in Armour
  2613 | D:4      | Reached skill level 5 in Fighting
  2685 | D:4      | HP: 2/40 [gnoll/+0 halberd[a gnoll bouda] (10)]
  2686 | D:4      | Slain by a gnoll

Illustrated notes

Levels and vault maps discovered:
D:1:      dpeg_arrival_leaves_temple_mockup, layout_rooms,
          minmay_indecisive_spiral
D:2:      layout_basic, nicolae_grassy_gnolls
D:3:      minmay_octagon_keep, layout_basic, bloody_trog,
          mainiacjoe_overflow_large_starburst, chequers_ecumenical_altar_grove,
          dreamdust_wishing_well, hangedman_decor_growths
D:4:      cheibrodos_old_hovel, layout_loops_ring, kennysheep_mini,
          ashenzari_conservatory_becter, minmay_goblin_outpost

Skill      XL: |  1  2  3  4  5  6 |
---------------+-------------------+-----
Axes           | 2 3 |  3.6
Fighting       | 4 5 |  5.1
Armour         | 4 5 |  5.1
Shields        | 4 |  4.3

Action                     |  1- 3 |  4- 6 || total
---------------------------+-------+-------++-------
  Melee: War axe           |   110 |   258 ||   368
    Use: Potion            |       |     3 ||     3
 Armour: Scale mail        |    34 |       ||    34
         Chain mail        |    30 |   186 ||   216
  Dodge: Dodged            |    51 |   117 ||   168
  Block: Buckler           |    25 |    67 ||    92
